General information
- name: BNet
- type: Ladder team game (AT/RT)
- host: Battle.net
- saver: judge-hair
map: SilverpineForest
- players: 6
- length: 46:59
- speed: Fast
- version: 1.27 W3XP
- replay type:

» download(327 KB)
Players
team 1 (winner)
judge-hair (
yellow | 158 APM | 7448 actions | 46:59)
7 Blademaster
3 Wind Walk
3 Critical Strike
1 Bladestorm
6 Tauren Chieftain
3 Shockwave
2 Endurance Aura
1 Reincarnation
1 Warden
1 Blink
» actions
| Assign group hotkey | 23 | |
| Basic commands | 12 | |
| Build / train | 147 | |
| Enter build submenu | 90 | |
| Enter hero's abilities submenu | 14 | |
| Give item / drop item | 18 | |
| Remove unit from queue | 3 | |
| Right click | 5281 | |
| Select / deselect | 917 | |
| Select group hotkey | 399 | |
| Use ability | 544 | |
7448 total
» units
| Peon | 23 | |
| Troll Batrider | 27 | |
| Wisp | 5 | |
| Wind Rider | 1 | |
| Hippogryph | 5 | |
61 total
» upgrades
| Liquid Fire | 1 | |
| Ranged Weapons | 3 | |
| Armor | 2 | |
| Troll Regeneration | 1 | |
| Strength of the Wild | 3 | |
| Reinforced Hides | 3 | |
| Backpack | 1 | |
| Corrosive Breath | 1 | |
| Ensnare | 1 | |
16 total
» buildings
| Altar of Storms | 1 | |
| Orc Burrow | 4 | |
| War Mill | 1 | |
| Voodoo Lounge | 3 | |
| Watch Tower | 113 | |
| Stronghold | 5 | |
| Fortress | 2 | |
| Beastiary | 3 | |
| Great Hall | 1 | |
| Barracks | 1 | |
| Ancient of Wind | 2 | |
| Chimaera Roost | 3 | |
| Moon Well | 8 | |
147 total
» build order
00:10 Altar of Storms
00:22 Orc Burrow
00:41 War Mill
01:08 Voodoo Lounge
01:53 Watch Tower
02:16 Watch Tower
02:55 Watch Tower
03:31 Watch Tower
03:35 Stronghold
03:35 Stronghold
03:35 Stronghold
03:43 Orc Burrow
04:25 Watch Tower
05:11 Watch Tower
05:14 Watch Tower
06:28 Watch Tower
06:34 Watch Tower
06:35 Watch Tower
07:07 Fortress
07:07 Fortress
07:34 Watch Tower
07:56 Orc Burrow
07:58 Beastiary
08:02 Beastiary
08:07 Watch Tower
08:08 Watch Tower
08:09 Watch Tower
08:18 Watch Tower
08:38 Watch Tower
08:39 Watch Tower
09:00 Great Hall
09:33 Watch Tower
09:33 Watch Tower
09:34 Watch Tower
09:34 Watch Tower
09:34 Watch Tower
09:35 Watch Tower
09:56 Watch Tower
09:57 Watch Tower
09:58 Watch Tower
09:58 Watch Tower
10:58 Watch Tower
11:00 Watch Tower
11:09 Watch Tower
12:02 Watch Tower
12:02 Watch Tower
12:03 Watch Tower
12:08 Watch Tower
12:59 Watch Tower
12:59 Watch Tower
13:05 Voodoo Lounge
13:08 Voodoo Lounge
13:11 Watch Tower
13:59 Watch Tower
13:59 Watch Tower
16:24 Watch Tower
16:24 Watch Tower
16:25 Watch Tower
16:25 Watch Tower
16:25 Watch Tower
16:26 Watch Tower
16:26 Watch Tower
17:18 Orc Burrow
18:26 Barracks
18:33 Watch Tower
18:33 Watch Tower
18:34 Watch Tower
18:35 Watch Tower
18:36 Watch Tower
18:39 Watch Tower
18:40 Watch Tower
18:41 Watch Tower
19:25 Watch Tower
19:25 Watch Tower
19:25 Watch Tower
19:26 Watch Tower
20:01 Ancient of Wind
20:02 Ancient of Wind
21:16 Watch Tower
21:17 Watch Tower
22:02 Watch Tower
22:02 Watch Tower
22:03 Watch Tower
22:03 Watch Tower
22:14 Chimaera Roost
22:14 Chimaera Roost
22:16 Chimaera Roost
23:51 Watch Tower
23:52 Watch Tower
24:45 Moon Well
24:45 Moon Well
24:46 Moon Well
24:46 Moon Well
24:47 Moon Well
24:47 Moon Well
24:48 Moon Well
25:17 Watch Tower
25:17 Watch Tower
25:18 Watch Tower
25:18 Watch Tower
26:49 Watch Tower
26:49 Watch Tower
26:50 Watch Tower
26:51 Watch Tower
30:50 Moon Well
31:01 Watch Tower
31:02 Watch Tower
32:20 Watch Tower
32:22 Watch Tower
32:23 Watch Tower
32:23 Watch Tower
33:11 Watch Tower
33:12 Watch Tower
34:13 Beastiary
36:48 Watch Tower
36:49 Watch Tower
36:49 Watch Tower
36:50 Watch Tower
36:53 Watch Tower
36:53 Watch Tower
38:26 Watch Tower
38:26 Watch Tower
39:34 Watch Tower
39:35 Watch Tower
39:35 Watch Tower
39:37 Watch Tower
39:37 Watch Tower
39:38 Watch Tower
39:38 Watch Tower
39:38 Watch Tower
39:39 Watch Tower
39:39 Watch Tower
39:40 Watch Tower
39:41 Watch Tower
39:41 Watch Tower
39:41 Watch Tower
39:42 Watch Tower
43:57 Watch Tower
43:58 Watch Tower
43:58 Watch Tower
43:58 Watch Tower
45:05 Watch Tower
45:05 Watch Tower
45:06 Watch Tower
45:06 Watch Tower
» items
| Healing Salve | 7 | |
| Lesser Clarity Potion | 3 | |
| Boots of Speed | 2 | |
| Staff of Teleportation | 2 | |
| Potion of Healing | 1 | |
| Orb of Lightning | 2 | |
| Helm of Valor | 1 | |
| Khadgar's Gem of Health | 2 | |
| Amulet of Spell Shield | 1 | |
| Pendant of Mana | 1 | |
| Staff of Sanctuary | 2 | |
| Claws of Attack +12 | 1 | |
| Legion Doom-Horn | 1 | |
26 total
laptopwigtrip (
green | 24 APM | 429 actions | 17:49)
3 Warden
2 Shadow Strike
1 Blink
» actions
| Assign group hotkey | 3 | |
| Basic commands | 1 | |
| Build / train | 40 | |
| ESC pressed | 1 | |
| Enter build submenu | 20 | |
| Enter hero's abilities submenu | 3 | |
| Give item / drop item | 1 | |
| Right click | 148 | |
| Select / deselect | 91 | |
| Select group hotkey | 60 | |
| Use ability | 61 | |
429 total
» units
» upgrades
| Ultravision | 1 | |
| Well Spring | 1 | |
| Nature's Blessing | 1 | |
3 total
» buildings
| Altar of Elders | 1 | |
| Moon Well | 18 | |
| Tree of Ages | 1 | |
| Hunter's Hall | 1 | |
| Tree of Eternity | 1 | |
| Ancient of Wonders | 1 | |
| Tree of Life | 1 | |
24 total
» build order
00:14 Altar of Elders
00:21 Moon Well
02:11 Moon Well
05:23 Tree of Ages
06:31 Hunter's Hall
07:38 Moon Well
07:53 Tree of Eternity
07:58 Ancient of Wonders
12:10 Moon Well
12:12 Moon Well
12:23 Moon Well
12:25 Moon Well
12:26 Moon Well
12:28 Moon Well
12:39 Moon Well
12:40 Moon Well
13:21 Tree of Life
15:38 Moon Well
15:39 Moon Well
15:41 Moon Well
16:35 Moon Well
16:36 Moon Well
16:38 Moon Well
16:40 Moon Well
» items
| Boots of Speed | 1 | |
| Staff of Teleportation | 1 | |
| Potion of Healing | 2 | |
| Orb of Venom | 2 | |
6 total
MyLiege_Cyrus (
orange | 124 APM | 5815 actions | 46:59)
5 Archmage
3 Blizzard
2 Brilliance Aura
4 Blood Mage
2 Flame Strike
2 Siphon Mana
5 Goblin Tinker
3 Cluster Rockets
2 Engineering Upgrade
» actions
| Assign group hotkey | 449 | |
| Basic commands | 78 | |
| Build / train | 142 | |
| Enter build submenu | 103 | |
| Enter hero's abilities submenu | 14 | |
| Give item / drop item | 10 | |
| Right click | 2779 | |
| Select / deselect | 497 | |
| Select group hotkey | 1328 | |
| Use ability | 415 | |
5815 total
» units
» upgrades
| Masonry | 3 | |
| Lumber Harvesting | 1 | |
| Magic Sentry | 1 | |
| Priest Training | 1 | |
6 total
» buildings
| Altar of Kings | 1 | |
| Farm | 5 | |
| Lumber Mill | 1 | |
| Scout Tower | 151 | |
| Arcane Tower | 14 | |
| Guard Tower | 50 | |
| Keep | 2 | |
| Arcane Vault | 3 | |
| Castle | 1 | |
| Arcane Sanctum | 1 | |
| Town Hall | 1 | |
230 total
» build order
00:07 Altar of Kings
00:21 Farm
00:41 Lumber Mill
00:50 Farm
01:38 Scout Tower
01:39 Scout Tower
01:54 Scout Tower
01:55 Scout Tower
02:12 Arcane Tower
02:13 Scout Tower
02:47 Arcane Tower
02:48 Guard Tower
02:49 Scout Tower
02:54 Guard Tower
02:55 Scout Tower
02:56 Scout Tower
02:57 Guard Tower
03:13 Keep
03:22 Guard Tower
03:23 Scout Tower
03:37 Arcane Vault
03:51 Scout Tower
03:52 Scout Tower
03:53 Guard Tower
03:57 Guard Tower
03:58 Scout Tower
04:19 Scout Tower
04:19 Scout Tower
04:20 Keep
04:25 Scout Tower
04:26 Scout Tower
04:27 Guard Tower
04:39 Guard Tower
04:56 Guard Tower
05:13 Guard Tower
05:19 Guard Tower
05:25 Scout Tower
05:26 Scout Tower
05:27 Scout Tower
05:27 Scout Tower
05:40 Guard Tower
05:41 Scout Tower
05:54 Guard Tower
05:59 Scout Tower
06:00 Scout Tower
06:08 Arcane Tower
07:00 Castle
07:28 Farm
07:32 Arcane Sanctum
07:38 Guard Tower
07:42 Scout Tower
07:43 Scout Tower
07:46 Scout Tower
07:53 Scout Tower
07:53 Scout Tower
07:54 Scout Tower
07:55 Scout Tower
08:25 Guard Tower
09:18 Guard Tower
09:26 Town Hall
09:29 Scout Tower
09:30 Scout Tower
09:31 Scout Tower
09:32 Scout Tower
09:32 Scout Tower
09:33 Scout Tower
09:34 Scout Tower
09:37 Scout Tower
09:42 Farm
09:46 Guard Tower
09:51 Arcane Tower
10:09 Guard Tower
10:12 Scout Tower
10:14 Scout Tower
10:40 Arcane Tower
10:41 Guard Tower
10:43 Scout Tower
10:45 Scout Tower
10:46 Scout Tower
10:46 Scout Tower
10:47 Scout Tower
10:55 Guard Tower
11:45 Guard Tower
11:47 Scout Tower
11:48 Scout Tower
11:48 Scout Tower
11:49 Scout Tower
12:02 Scout Tower
12:03 Scout Tower
12:48 Guard Tower
13:03 Guard Tower
13:04 Scout Tower
13:06 Scout Tower
13:10 Scout Tower
13:14 Scout Tower
13:15 Scout Tower
13:17 Arcane Tower
13:19 Scout Tower
13:21 Scout Tower
13:25 Arcane Tower
13:29 Guard Tower
13:34 Scout Tower
13:35 Scout Tower
13:35 Scout Tower
13:37 Scout Tower
13:39 Scout Tower
13:39 Scout Tower
13:40 Scout Tower
14:02 Guard Tower
14:18 Guard Tower
14:29 Scout Tower
15:20 Guard Tower
15:46 Guard Tower
15:50 Scout Tower
16:23 Scout Tower
16:25 Scout Tower
16:26 Scout Tower
16:27 Scout Tower
16:27 Scout Tower
16:32 Scout Tower
16:35 Guard Tower
16:37 Scout Tower
16:37 Scout Tower
16:38 Scout Tower
16:38 Scout Tower
16:54 Guard Tower
17:09 Guard Tower
17:11 Scout Tower
17:12 Scout Tower
17:18 Arcane Vault
17:25 Guard Tower
18:27 Guard Tower
18:28 Scout Tower
18:29 Scout Tower
18:31 Scout Tower
18:32 Scout Tower
18:33 Scout Tower
19:21 Scout Tower
19:22 Scout Tower
19:23 Scout Tower
19:27 Arcane Tower
19:28 Guard Tower
19:29 Scout Tower
19:30 Scout Tower
19:32 Guard Tower
19:34 Scout Tower
19:34 Scout Tower
19:41 Scout Tower
19:44 Scout Tower
19:47 Scout Tower
19:48 Scout Tower
19:51 Scout Tower
19:52 Scout Tower
19:57 Scout Tower
19:57 Scout Tower
19:59 Scout Tower
20:00 Scout Tower
20:00 Scout Tower
20:31 Arcane Tower
21:01 Guard Tower
21:03 Scout Tower
21:06 Scout Tower
21:07 Scout Tower
21:20 Guard Tower
21:21 Scout Tower
21:22 Scout Tower
22:03 Arcane Tower
22:04 Guard Tower
22:12 Arcane Tower
22:14 Scout Tower
22:18 Arcane Tower
22:26 Guard Tower
22:32 Scout Tower
22:33 Scout Tower
22:33 Scout Tower
22:34 Scout Tower
22:45 Arcane Tower
22:48 Arcane Vault
23:38 Guard Tower
23:43 Guard Tower
23:46 Scout Tower
23:48 Scout Tower
25:43 Arcane Tower
25:45 Guard Tower
25:47 Scout Tower
25:49 Scout Tower
25:49 Scout Tower
26:07 Guard Tower
26:08 Scout Tower
29:01 Guard Tower
29:05 Scout Tower
29:07 Scout Tower
29:07 Scout Tower
29:08 Scout Tower
29:11 Guard Tower
29:19 Guard Tower
30:49 Scout Tower
30:49 Scout Tower
30:50 Scout Tower
30:50 Scout Tower
30:51 Scout Tower
30:52 Scout Tower
30:53 Scout Tower
30:54 Scout Tower
30:56 Guard Tower
31:01 Scout Tower
31:03 Scout Tower
31:03 Scout Tower
31:04 Scout Tower
31:04 Scout Tower
32:56 Scout Tower
32:57 Scout Tower
32:58 Scout Tower
32:58 Scout Tower
35:18 Scout Tower
35:19 Scout Tower
35:19 Scout Tower
35:20 Scout Tower
35:20 Scout Tower
35:21 Scout Tower
35:22 Scout Tower
35:23 Scout Tower
35:25 Scout Tower
35:28 Scout Tower
35:29 Scout Tower
35:30 Scout Tower
36:50 Guard Tower
37:01 Guard Tower
39:02 Guard Tower
42:42 Farm
» items
| Scroll of Regeneration | 4 | |
| Staff of Sanctuary | 3 | |
| Boots of Speed | 3 | |
| Staff of Teleportation | 3 | |
| Lesser Clarity Potion | 1 | |
| Scroll of Town Portal | 2 | |
| Talisman of Evasion | 1 | |
| Orb of Lightning | 3 | |
| Khadgar's Gem of Health | 1 | |
| Medallion of Courage | 1 | |
| Pendant of Mana | 1 | |
23 total
team 2 (loser)
habikkesnor (
purple | 70 APM | 3158 actions | 44:51)
4 Death Knight
2 Death Coil
2 Unholy Aura
3 Lich
2 Frost Nova
1 Frost Armor
» actions
| Assign group hotkey | 47 | |
| Basic commands | 9 | |
| Build / train | 87 | |
| Enter build submenu | 34 | |
| Enter hero's abilities submenu | 7 | |
| Give item / drop item | 1 | |
| Remove unit from queue | 10 | |
| Right click | 1853 | |
| Select / deselect | 597 | |
| Select group hotkey | 430 | |
| Use ability | 82 | |
3158 total
» units
| Acolyte | 11 | |
| Ghoul | 5 | |
| Crypt Fiend | 9 | |
| Meatwagon | 5 | |
| Obsidian Statue | 2 | |
| Frost Wyrm | 21 | |
53 total
» upgrades
| Creature Carapace | 3 | |
| Web | 1 | |
| Skeletal Longevity | 1 | |
| Necromancer Training | 1 | |
| Creature Attack | 3 | |
| Freezing Breath | 1 | |
10 total
» buildings
| Crypt | 2 | |
| Ziggurat | 12 | |
| Altar of Darkness | 1 | |
| Graveyard | 2 | |
| Nerubian Tower | 1 | |
| Tomb of Relics | 1 | |
| Halls of the Dead | 1 | |
| Slaughterhouse | 1 | |
| Temple of the Damned | 1 | |
| Black Citadel | 1 | |
| Sacrificial Pit | 1 | |
| Boneyard | 2 | |
| Spirit Tower | 2 | |
28 total
» build order
00:24 Crypt
00:27 Ziggurat
00:55 Ziggurat
01:04 Crypt
01:34 Altar of Darkness
01:44 Graveyard
01:49 Graveyard
02:28 Nerubian Tower
02:47 Tomb of Relics
04:09 Ziggurat
05:02 Ziggurat
05:09 Halls of the Dead
07:31 Slaughterhouse
07:37 Temple of the Damned
07:42 Ziggurat
10:29 Ziggurat
10:31 Ziggurat
10:42 Ziggurat
10:44 Ziggurat
10:52 Black Citadel
13:27 Ziggurat
16:27 Sacrificial Pit
18:24 Boneyard
18:30 Boneyard
20:25 Ziggurat
21:20 Spirit Tower
22:24 Ziggurat
28:16 Spirit Tower
» items
| Rod of Necromancy | 1 | |
| Circlet of Nobility | 1 | |
| Staff of Teleportation | 1 | |
3 total
Humanafteral (
blue | 58 APM | 2642 actions | 45:20)
5 Paladin
2 Devotion Aura
2 Holy Light
1 Divine Shield
1 Pit Lord
1 Cleaving Attack
» actions
| Assign group hotkey | 21 | |
| Build / train | 123 | |
| Enter build submenu | 23 | |
| Enter hero's abilities submenu | 6 | |
| Give item / drop item | 1 | |
| Remove unit from queue | 10 | |
| Right click | 1611 | |
| Select / deselect | 461 | |
| Select group hotkey | 330 | |
| Use ability | 56 | |
2642 total
» units
| Peasant | 15 | |
| Footman | 4 | |
| Rifleman | 17 | |
| Priest | 12 | |
| Knight | 22 | |
| Mortar Team | 16 | |
86 total
» upgrades
| Gunpowder | 2 | |
| Armor | 2 | |
| Priest Training | 1 | |
| Animal War Training | 1 | |
| Swords | 1 | |
| Plating | 2 | |
9 total
» buildings
| Altar of Kings | 1 | |
| Barracks | 1 | |
| Farm | 13 | |
| Arcane Vault | 1 | |
| Blacksmith | 1 | |
| Keep | 1 | |
| Arcane Sanctum | 1 | |
| Castle | 1 | |
| Lumber Mill | 1 | |
| Town Hall | 1 | |
| Scout Tower | 2 | |
| Workshop | 1 | |
| Guard Tower | 1 | |
26 total
» build order
00:09 Altar of Kings
00:16 Barracks
00:20 Farm
00:25 Farm
01:34 Farm
01:47 Arcane Vault
02:27 Blacksmith
03:01 Farm
03:01 Farm
05:14 Farm
05:14 Farm
05:16 Farm
06:07 Keep
08:36 Arcane Sanctum
09:46 Castle
10:17 Farm
10:18 Farm
13:23 Lumber Mill
17:02 Farm
17:06 Farm
17:07 Farm
19:27 Town Hall
22:50 Scout Tower
22:54 Scout Tower
24:26 Workshop
42:09 Guard Tower
» items
| Lesser Clarity Potion | 2 | |
| Staff of Teleportation | 1 | |
| Boots of Speed | 1 | |
| Scroll of Regeneration | 1 | |
| Orb of Fire | 1 | |
| Scroll of Town Portal | 1 | |
7 total
StonedHoof (
red | 50 APM | 2329 actions | 46:58)
5 Tauren Chieftain
3 War Stomp
2 Endurance Aura
1 Shadow Hunter
1 Healing Wave
» actions
| Assign group hotkey | 57 | |
| Basic commands | 17 | |
| Build / train | 102 | |
| ESC pressed | 1 | |
| Enter build submenu | 23 | |
| Enter hero's abilities submenu | 6 | |
| Give item / drop item | 1 | |
| Remove unit from queue | 5 | |
| Right click | 1205 | |
| Select / deselect | 393 | |
| Select group hotkey | 432 | |
| Use ability | 87 | |
2329 total
» units
| Peon | 9 | |
| Troll Headhunter/Berserker | 24 | |
| Shaman | 6 | |
| Kodo Beast | 5 | |
| Demolisher | 21 | |
| Troll Witch Doctor | 3 | |
68 total
» upgrades
| Ranged Weapons | 3 | |
| Troll Regeneration | 1 | |
| Berserker Upgrade | 1 | |
| Shaman Training | 2 | |
| War Drums Damage Increase | 1 | |
| Spiked Barricades | 3 | |
| Armor | 3 | |
| Reinforced Defenses | 1 | |
| Burning Oil | 1 | |
16 total
» buildings
| Orc Burrow | 10 | |
| Altar of Storms | 1 | |
| War Mill | 1 | |
| Barracks | 1 | |
| Stronghold | 1 | |
| Voodoo Lounge | 1 | |
| Fortress | 1 | |
| Spirit Lodge | 1 | |
| Beastiary | 1 | |
| Watch Tower | 8 | |
| Great Hall | 1 | |
27 total
» build order
00:25 Orc Burrow
00:39 Altar of Storms
00:57 War Mill
01:16 Barracks
02:00 Orc Burrow
03:00 Stronghold
05:18 Voodoo Lounge
05:24 Fortress
07:33 Orc Burrow
07:37 Orc Burrow
09:07 Spirit Lodge
09:19 Beastiary
09:39 Watch Tower
10:52 Orc Burrow
11:42 Watch Tower
14:04 Orc Burrow
14:08 Orc Burrow
18:48 Orc Burrow
20:09 Great Hall
21:21 Orc Burrow
21:23 Orc Burrow
41:05 Watch Tower
41:06 Watch Tower
41:08 Watch Tower
41:10 Watch Tower
41:11 Watch Tower
41:13 Watch Tower
» items
| Healing Salve | 1 | |
| Orb of Lightning | 1 | |
2 total
Chat log
(00:02 / All) StonedHoof: ^^
(04:24 / All) StonedHoof: zzzzzz
(04:27 / All) judge-hair: ?
(04:36 / All) StonedHoof: zzzzzz
(04:40 / All) judge-hair: pls elaborate
(04:42 / All) MyLiege_Cyrus: you tired?
(04:47 / All) StonedHoof: zzzzz
(05:00 / All) StonedHoof: zzzzz
(06:49 / All) judge-hair: zzzzzz
(06:50 / All) laptopwigtrip: bad boys
(06:54 / All) judge-hair: lol
(06:54 / All) MyLiege_Cyrus: paladin
(06:55 / All) MyLiege_Cyrus: too fat?
(08:02 / All) StonedHoof: nice buildzzzzzzzzzzzzzz
(08:04 / All) StonedHoof: zzzzzzzzzzzzzzz
(08:10 / All) judge-hair: =-)
(08:19 / All) habikkesnor: 'fun
(08:20 / All) StonedHoof: you know there is hero wars?
(08:34 / All) MyLiege_Cyrus: we cant win hero wars
(08:35 / All) MyLiege_Cyrus: too hard
(08:38 / All) StonedHoof: i know
(08:40 / All) MyLiege_Cyrus: noobs like u much easier
(08:44 / All) StonedHoof: zzzzzzzzzzz
(17:19 / All) StonedHoof: so many fallus symbols you'd almost think you have something to compensate for
(17:27 / All) laptopwigtrip: wha
(17:28 / All) laptopwigtrip: t
(17:36 / All) laptopwigtrip: you bad???
(17:38 / All) StonedHoof: engrish do u speak it?
(21:51 / All) judge-hair: where are you guys from?
(21:55 / All) habikkesnor: your mother
(22:00 / All) StonedHoof: from sleepy town
(22:01 / All) StonedHoof: zzzzz
(24:10 / All) judge-hair: U GUYS READy?
(24:13 / All) judge-hair: sry for caps
(24:18 / All) StonedHoof: never ready
(24:23 / All) StonedHoof: always sleepy
(26:02 / All) judge-hair: careful guys
(26:06 / All) habikkesnor: DIE IN A FIRE
(26:06 / All) StonedHoof: zzzzzzzzzz
(26:11 / All) MyLiege_Cyrus: what is
(26:12 / All) MyLiege_Cyrus: the matter
(26:14 / All) StonedHoof: so sleepy
(26:22 / All) MyLiege_Cyrus: it seems liek youre very gusy
(26:37 / All) MyLiege_Cyrus: towers are too much action for you?
(26:40 / All) MyLiege_Cyrus: they don't move you know
(26:44 / All) MyLiege_Cyrus: but you're still losing units??
(26:44 / All) StonedHoof: too sleepy for me
(27:00 / All) StonedHoof: this will take a long time
(27:07 / All) judge-hair: yeah do you enjoy long losses?
(27:09 / All) MyLiege_Cyrus: if you wish
(29:07 / All) StonedHoof: anti-climax to the max
(29:14 / All) StonedHoof: snooze till you win
(29:17 / All) judge-hair: you guys gonna win this one?
(29:25 / All) StonedHoof: i wish this never happened
(29:30 / All) StonedHoof: dont give a fuck about winning
(29:35 / All) StonedHoof: want to play a game
(29:41 / All) StonedHoof: instead of hold position all game...
(32:08 / All) StonedHoof: omg did you see how pro that was?
(32:13 / All) MyLiege_Cyrus: i did
(32:22 / All) MyLiege_Cyrus: and the viewers of twitch.tv/iggyfisk did
(32:28 / All) StonedHoof: how long is your average game?
(32:40 / All) MyLiege_Cyrus: an hour or so
(32:44 / All) StonedHoof: and have you gotten very experienced in playing instant messenger on wc3?
(32:51 / All) MyLiege_Cyrus: we don't chat that much
(32:53 / All) MyLiege_Cyrus: that's your thing
(32:56 / All) StonedHoof: zzzzzzzzzzz
(33:04 / All) MyLiege_Cyrus: talking about phallic objects and whatnot
(33:21 / All) MyLiege_Cyrus: you can find our webzone on https://highper.ch
(40:08 / All) judge-hair: how it going guys?
(40:16 / All) StonedHoof: im playing hs m8
(40:19 / All) StonedHoof: almost rank 8
(41:22 / All) judge-hair: blue ar eyou bad?
(41:42 / All) StonedHoof: what about u m8?
(43:41 / All) MyLiege_Cyrus: Bad attack by stupid players
(43:43 / All) MyLiege_Cyrus: towers dont move
(43:48 / All) MyLiege_Cyrus: how can you die to towers
(44:08 / All) habikkesnor: u should stop being dicks and play this like u should
(44:13 / All) judge-hair: amnd how is tha
(44:14 / All) habikkesnor: fun shit bro
(44:24 / All) judge-hair: this seems pretty fun
(44:36 / All) habikkesnor: go play legion td
(44:41 / All) MyLiege_Cyrus: that map sucks
(44:45 / All) judge-hair: wait this isnt a td custom? oops
(45:11 / All) MyLiege_Cyrus: Silverpine much better, towers and heroes vs big fat idiots. Who will prevail? My ancestor's honor depends on it
(45:31 / All) StonedHoof: ok miley cirus
(45:36 / All) StonedHoof: you won m8 :D
(45:41 / All) MyLiege_Cyrus: Agreed!
(45:43 / All) judge-hair: https://highper.ch youtube.com/highperch
(45:53 / All) StonedHoof: ?
(45:58 / All) MyLiege_Cyrus: good URLS
(45:59 / All) judge-hair: for more tower replays and vods
(46:00 / All) MyLiege_Cyrus: for HTTP requests
(46:10 / All) StonedHoof: u are very funny
(46:16 / All) StonedHoof: gl with your subs
(46:18 / All) MyLiege_Cyrus: our fanbase agrees
(46:34 / All) StonedHoof: too many 10 year olds on youtube you're so right :(
(46:36 / All) MyLiege_Cyrus: shoutouts to everyone in the Blizzard Subforum and our boys out in Germany
(46:42 / All) StonedHoof: so german
(46:43 / All) MyLiege_Cyrus: Pascal is at least 18 by now
(46:52 / All) StonedHoof: im getting out of here, before ze germans get here
(46:56 / All) judge-hair: from?